AoeStats
← nonoleboss

MegaRandom

507342357Analyzed
4v4 RM · 15d ago on Sep 17, 2026· 17m 54s· 8 players
Game mode
Random Map
Map size
Large (8 player)
Population
200
Speed
Normal
Resources
Standard
Victory
Conquest
Starting age
Dark Age
Ending age
Imperial Age
RankedLock teamsTeams togetherTeam positionsShared explorationLock speedFull tech treeHidden civsTurbo modeCheats
Victory
Defeat
🇲🇦 Khmer · Morocco
1442
+11
🇺🇸 Mongols · United States
1377
+14
🇿🇦 Magyars · South Africa
1342
+15
🇺🇸 Tupi · United States
1155
+22
🇪🇸 Cumans · Spain
1403
-19
🇸🇪 Aztecs · Sweden
1335
-16
🇫🇷 Saracens · France
1308
-15
🇸🇮 Jurchens · Slovenia
1236
-12
nonoleboss
Aspirante
5:47 Loom
6:35 Loom
9:52 Feudal Age
11:51 Horse Collar
VYBZ KARTEL
m00n
wayneid
5:53 Loom
14:15 Feudal Age
17:27 Castle Age
16:33 Stone Mining
The Daunting Knight
3:00 Loom
10:27 Feudal Age
14:24 Castle Age
12:57 Fletching
13:57 Stone Mining
14:03 Stone Mining
15:15 Bodkin Arrow
15:34 Stone Mining
Kazule
6:54 Loom
9:27 Feudal Age
13:45 Fletching
Lilith Realm
7:19 Loom
9:40 Feudal Age
10:31 Double-Bit Axe
Connection lost

Rejoining the realm…

Still unreachable

The connection could not be restored.

Session expired

The server has moved on; the page needs a fresh start.